 Dungeon Crawl Stone Soup version 0.27.0 (webtiles) character file.

Game seed: 13876549503082477321

10 RubberyChicken the Chucker (level 2, 28/28 HPs)
             Began as a Troll Hunter on July 31, 2021.
             Was a Follower of Trog.
             Quit the game on level 1 of the Dungeon.
             The game lasted 00:01:16 (404 turns).

RubberyChicken the Chucker (Troll Hunter)            Turns: 404, Time: 00:01:16

Health: 28/28      AC:  4    Str: 19    XL:     2   Next: 10%
Magic:  1/1        EV:  9    Int:  7    God:    Trog [*.....]
Gold:   39         SH:  0    Dex: 10    Spells: 1/1 levels left

rFire    . . .     SeeInvis .     - Unarmed
rCold    . . .     Faith    .   (no shield)
rNeg     . . .     Spirit   .   b - +0 robe
rPois    .         Reflect  .   (helmet restricted)
rElec    .         Harm     .   (no cloak)
rCorr    .         Rampage  .   (gloves unavailable)
Will     .....                  (boots unavailable)
Stlth    +.........             (no amulet)
HPRegen  1.09/turn              (no ring)
MPRegen  0.07/turn              (no ring)

@: no status effects
A: large, unfitting armour, claws 3, regeneration 1, shaggy fur 1, tough skin 1
a: Renounce Religion, Berserk


You were on level 1 of the Dungeon.
You worshipped Trog.
Trog was aware of your devotion.
You visited 1 branch of the dungeon, and saw 1 of its levels.

You collected 39 gold pieces.

Inventory:

Missiles
 c - 5 large rocks (quivered)
 d - 2 throwing nets
Armour
 b - a +0 robe (worn)
Scrolls
 e - a scroll of teleportation {unknown}
Potions
 a - a potion of curing {unknown}
 f - a potion of flight {unknown}


   Skills:
 + Level 1.8 Fighting
 - Level 3.6 Throwing
 - Level 1.5 Dodging
 - Level 0.3 Stealth
 * Level 1.4 Unarmed Combat


You had one spell level left.
You didn't know any spells.
Your spell library was empty.

Dungeon Overview and Level Annotations

Branches:
Dungeon (1/15)

Altars:
Trog


Innate Abilities, Weirdness & Mutations

You are too large for most types of armour.
You have claws for hands.
Your natural rate of healing is unusually fast.
You are covered in fur. (AC +1)
You have tough skin. (AC +1)


Message History

You barely miss the goblin. The goblin barely misses you.
You barely miss the goblin. The goblin hits you with a +0 club.
You claw the goblin!
You kill the goblin!
No target in view!
No target in view!
You see here a jackal skeleton.
There is a fountain of clear blue water here.
There is a faded altar of an unknown god here.
You cannot tell which god this altar belongs to.
Convert to them anyway?
Trog accepts your prayer! Trog welcomes you!
You can now go berserk at will.
Okay, then.
There is a dry fountain here.
You open the door.
Found a stone staircase leading down.
There is an open door here.
You open the door.
There is an open door here.
A bat comes into view.
The bat barely misses you. The bat closely misses you.
You barely miss the bat. The bat hits you. The bat barely misses you.
The bat hits you but does no damage. The bat hits you but does no damage.
The bat hits you but does no damage. The bat barely misses you.
The bat hits you but does no damage.
You closely miss the bat. The bat hits you but does no damage.
You closely miss the bat. The bat hits you but does no damage. x2
You scratch the bat.
You kill the bat!
Trog accepts your kill.
No target in view!
No target in view!
e - a scroll labelled VAINIA SOHEU You see here a bat corpse.
f - a blue potion
Okay, then.
Are you sure you want to abandon this character and quit the game? (Confirm with "yes".)

### ######## ...
#......# #### ##
#.##.####.# #.. ..
####.........# #.# #.
#........†#..#####.####.
.##..#@#............##.
# #.#.....####.#.##.
#.##...## #.#.##.
#......# #......
#####..# ###.### #.#
...# #.# #.# ##+## #.#
#.# ##...## #.# #.#
##.....## ##.##


There were no monsters in sight!

Vanquished Creatures
  2 endoplasms (D:1)
  2 goblins (D:1)
  2 jackals (D:1)
  A kobold (D:1)
  A bat (D:1)
8 creatures vanquished.

Vanquished Creatures (others)
  2 fungi (D:1)
2 creatures vanquished.

Grand Total: 10 creatures vanquished

Notes
Turn   | Place    | Note
-------+----------+-------------------------------------------
     0 | D:1      | RubberyChicken the Troll Hunter began the quest for the
                  | Orb.
     0 | D:1      | Reached XP level 1. HP: 19/19 MP: 0/0
    75 | D:1      | Reached skill level 1 in Unarmed Combat
   171 | D:1      | Reached XP level 2. HP: 25/28 MP: 1/1
   181 | D:1      | Found a faded altar of an unknown god.
   306 | D:1      | Became a worshipper of Trog the Wrathful
   306 | D:1      | Reached * piety under Trog
   404 | D:1      | Quit the game

Illustrated notes

Levels and vault maps discovered:
D:1:      heliophobic_arrival_ceremonial_halls, layout_loops_corners,
          shapermc_ecumenical_altar_acropolis

Skill      XL: |  1 |
---------------+----+-----
Unarmed Combat | 1 |  1.4
Fighting       | |  1.8
Throwing       | |  3.6
Dodging        | |  1.5
Stealth        | |  0.3

Action                   || total
-------------------------++-------
Melee: Unarmed           ||    23
       Short sword       ||     3
Armor: Robe              ||    18
Dodge: Dodged            ||    10
